 Dungeon Crawl Stone Soup version 0.30-a0-365-ge7f957f1db (webtiles) character file.

Game seed: 12206428105943837356

39 ragingrage the Charlatan (level 3, -3/31 HPs)
             Began as an Armataur Artificer on Nov 17, 2022.
             Slain by a goblin
             ... wielding a +0 dagger
             ... led by Robin
              (5 damage)
             ... on level 2 of the Dungeon.
             The game lasted 00:01:43 (803 turns).

ragingrage the Charlatan (Armataur Artificer)        Turns: 803, Time: 00:01:44

Health: -3/31      AC:  4    Str: 18    XL:     3   Next: 28%
Magic:  3/3        EV:  9    Int: 10    God:
Gold:   19         SH:  0    Dex: 14    Spells: 2/2 levels left

rFire   . . .      SeeInvis .    m - +0 whip
rCold   . . .      Faith    .    (no shield)
rNeg    . . .      Spirit   .    b - +0 leather armour
rPois   .          Reflect  .    (helmet restricted)
rElec   .          Harm     .    (no cloak)
rCorr   .          Roll     +    (no gloves)
Will    .....                    (no barding)
Stlth   +.........               (no amulet)
HPRegen 0.25/turn                (no ring)
MPRegen 0.08/turn                (no ring)

@: mighty
A: large, rugged brown scales 3, deformed body, armoured tail, roll, long
tongue, awkward tongue, horns 1, talons 1, agile 1, wild magic 1, MP-powered
wands
a: no special abilities


You were on level 2 of the Dungeon.
You visited 1 branch of the dungeon, and saw 2 of its levels.

You collected 19 gold pieces.

Inventory:

Hand Weapons
 m - a +0 whip (weapon)
Missiles
 g - 6 poisoned darts
Armour
 b - a +0 leather armour (worn)
Wands
 c - a wand of flame (15) (quivered)
 d - a wand of charming (15)
 e - a wand of iceblast (5)
Scrolls
 f - a scroll of immolation
 k - a scroll of identify {unknown}
 l - a scroll of vulnerability {unknown}
Potions
 i - 2 potions of mutation


   Skills:
 - Level 1.6 Fighting
 + Level 2.2 Maces & Flails
 - Level 2.4 Armour
 - Level 0.6 Dodging
 - Level 1.1 Stealth
 - Level 3.0 Evocations


You had 2 spell levels left.
You didn't know any spells.
Your spell library contained the following spells:

 Spells                   Type           Power      Damage    Failure   Level
 Call Canine Familiar     Summ           0%         N/A       86%         3
 Ignite Poison            Fire/Tmut/Pois 0%         N/A       86%         3
 Kindle Blastsparks       Fire/Tloc/Air  0%         2d10      86%         3
 Portal Projectile        Hex/Tloc       0%         N/A       86%         3
 Leda's Liquefaction      Hex/Erth       0%         N/A       99%         4
 Freezing Cloud           Conj/Ice/Air   0%         6-21      100%        5


Dungeon Overview and Level Annotations

Branches:
Dungeon (2/15)

Altars:

Annotations:
D:2 Robin


Innate Abilities, Weirdness & Mutations

You are completely covered in rugged brown scales. (AC +3, +7% HP)
Armour fits poorly on your strangely shaped body.
You have a long armoured tail.
You roll when moving toward enemies. (Rampage)
Your long tongue fully drains potion bottles. (2x potion effects)
Your tongue gives you trouble enunciating. (1.5x scroll delay)
You have a pair of small horns on your head.
You have sharp toenails.
You are agile. (Dex +4, Str/Int -1)
Your spells are a little harder to cast, but a little more powerful.
You expend magic power (3 MP) to strengthen your wands.


Message History

Items here: ))) ††.
The goblin attacks as you move away! The goblin barely misses you.
Robin says, "Kneel, worm!"
Really walk into that teleport trap?
You enter a teleport trap!
The teleport trap disappears.
Your surroundings seem slightly different.
Robin throws the goblin at you! The goblin closely misses you.
Robin throws the goblin at you! The goblin hits you with a +0 dagger.
The goblin hits you with a +0 club. The goblin barely misses you.
The goblin attacks as you move away! The goblin hits you with a +0 dagger.
The goblin no longer looks unusually strong.
The goblin hits you with a +0 dagger.
* * * LOW HITPOINT WARNING * * *
The goblin attacks as you move away! The goblin hits you with a +0 dagger.
* * * LOW HITPOINT WARNING * * *
The goblin attacks as you move away! The goblin hits you with a +0 dagger.
* * * LOW HITPOINT WARNING * * *
You slurp down every last drop of the 3 silvery potions!
It was a potion of mutation.
You feel extremely strange.
You feel less in control of your magic.
Your toenails lengthen and sharpen.
A pair of horns grows on your head!
You feel your magical essence link to the dungeon's wands.
You feel agile.
The goblin no longer looks unusually strong. x2
You slurp down every last drop of the murky orange potion!
It was a potion of cancellation.
You feel magically purged.
Robin roars a battlecry!
The goblins go into a battle-frenzy!
The goblin completely misses you. The goblin hits you but does no damage.
You slurp down every last drop of the sedimented ruby potion!
It was a potion of might.
You feel very mighty all of a sudden.
Robin points. "Kill!"
The goblin closely misses you. The goblin hits you but does no damage.
The goblin attacks as you move away! The goblin barely misses you.
As you slowly read the scroll labelled BAEJAI PU NUYM, it crumbles to dust.
The creatures around you are filled with an inner flame!
It was a scroll of immolation.
The goblin hits you with a +0 dagger.
You die...

.........##.#.# #.#..#.###.##..
##.#.###.##...#####.#.....##.####
#.....##.####..........#.........
#........####.#####.#........####
#..#..#........†.##.#..#.###.#
........g.g...##.##..........#
#....##.###.#.##.####.########
#.##.##.# #...##.# ..
#.##.##g###g####@# ##
#.....g.#.....##g#
####)####......gg# #.gg#
#.....#### #g### #.....# #.#
#.....# #.# ####### #.# #.#


You could see 3 goblins.

Vanquished Creatures
  A dart slug (D:1)
  5 ball pythons (D:1)
  3 bats
  4 endoplasms
  3 giant cockroaches
  10 goblins
  2 hobgoblins
  3 rats (D:1)
31 creatures vanquished.

Vanquished Creatures (others)
  3 plants (D:1)
  4 toadstools (D:1)
7 creatures vanquished.

Grand Total: 38 creatures vanquished

Notes
Turn   | Place    | Note
-------+----------+-------------------------------------------
     0 | D:1      | ragingrage the Armataur Artificer began the quest for the
                  | Orb.
     0 | D:1      | Reached XP level 1. HP: 16/16 MP: 1/1
    28 | D:1      | Reached skill level 1 in Fighting
    98 | D:1      | Reached XP level 2. HP: 13/25 MP: 2/2
   192 | D:1      | Reached skill level 1 in Maces & Flails
   619 | D:2      | Reached XP level 3. HP: 25/31 MP: 3/3
   703 | D:2      | Noticed Robin
   798 | D:2      | HP: 1/31 [goblin/+0 dagger[Robin] (5)]
   799 | D:2      | Gained mutation: Your spells are a little harder to cast,
                  | but a little more powerful. [potion of mutation]
   799 | D:2      | Gained mutation: You have sharp toenails. [potion of
                  | mutation]
   799 | D:2      | Gained mutation: You have a pair of small horns on your
                  | head. [potion of mutation]
   799 | D:2      | Gained mutation: You expend magic power (3 MP) to
                  | strengthen your wands. [potion of mutation]
   799 | D:2      | Gained mutation: You are agile. (Dex +4, Str/Int -1)
                  | [potion of mutation]
   803 | D:2      | Slain by a goblin

Illustrated notes

Levels and vault maps discovered:
D:1:      ldierk_walled_garden_2, layout_rooms, grunt_decor_junction
D:2:      layout_loops_cross, uniq_robin

Skill      XL: |  1  2  3 |
---------------+----------+-----
Fighting       | 1 |  1.6
Maces & Flails | 1 2 |  2.2
Armour         | |  2.4
Dodging        | |  0.6
Stealth        | |  1.1
Evocations     | |  3.0

Action                   || total
-------------------------++-------
Melee: Club              ||    69
       Tailslap          ||     7
       Whip              ||    21
       Punch             ||     1
  Use: Potion            ||     3
       Scroll            ||     1
 Stab: Sleeping          ||     2
Armor: Leather armour    ||    50
Dodge: Dodged            ||    50

Table legend: (Time is in decaauts)
 A = Elapsed time spent in this place.
 B = Non-inter-level travel time spent in this place.
 C = Inter-level travel time spent in this place.
 D = Time resting spent in this place.
 E = Time spent auto-exploring this place.
 F = Levels seen in this place.
 G = Mean time per level.
                   A        B        C        D        E       F      G
               +--------+--------+--------+--------+--------+-----+--------+
         Total |    819 |    807 |     12 |     62 |    488 |   2 |  409.5 |
       Dungeon |    819 |    807 |     12 |     62 |    488 |   2 |  409.5 |
               +--------+--------+--------+--------+--------+-----+--------+

Top non-repeatable levels by time:
     D:1: 521 daAuts
     D:2: 298 daAuts
